 Dungeon Crawl Stone Soup version 0.21.0-37-g46506fa (webtiles) character file.

35 Santangelo the Shooter (level 3, -1/29 HPs)
             Began as a Centaur Hunter on Feb 1, 2018.
             Slain by a jackal (2 damage)
             ... on level 2 of the Dungeon.
             The game lasted 00:14:26 (1276 turns).

Santangelo the Shooter (Centaur Hunter)             Turns: 1276, Time: 00:14:28

Health: -1/29      AC:  6    Str: 14    XL:     3   Next: 17%
Magic:  3/3        EV:  8    Int: 10    God:
Gold:   35         SH:  3    Dex: 14    Spells: 2/2 levels left

rFire    . . .     SeeInvis .   b - +0 short sword
rCold    . . .     Gourm    .   (no shield)
rNeg     . . .     Faith    .   y - +1 ring mail
rPois    .         Spirit   .   (no helmet)
rElec    .         Reflect  +   (no cloak)
rCorr    .         Harm     .   (no gloves)
MR       .....                  (no barding)
Stlth    ..........             t - +3 amulet of reflection
HPRegen  0.09/turn              v - +4 ring of dexterity
MPRegen  0.08/turn              (no ring)

@: very quick
A: large, hooves 3, deformed body, speed 2, tough skin 3
a: no special abilities


You were on level 2 of the Dungeon.
You were not hungry.

You visited 1 branch of the dungeon, and saw 2 of its levels.

You collected 35 gold pieces.

Inventory:

Hand Weapons
 a - a +3 shortbow
 b - a +0 short sword (weapon)
 e - a +2 hunting sling of velocity
 k - a +0 club
 o - a +0 club
 p - a +0 club
 q - a +0 dagger
 x - a +0 short sword
Missiles
 g - 22 stones (quivered)
 m - 3 javelins
 u - 12 bolts
Armour
 c - a +0 leather armour
 y - a +1 ring mail (worn)
Jewellery
 t - a +3 amulet of reflection (around neck)
 v - a +4 ring of dexterity (left hand)
Scrolls
 i - a scroll of fear
Potions
 h - a potion of curing {unknown}
 l - a potion of might {unknown}
 n - a potion of brilliance {unknown}
 r - a potion of heal wounds {unknown}
 w - 3 potions of flight {unknown}
Comestibles
 f - 3 rations
 j - 4 chunks of flesh


   Skills:
 + Level 2.2 Fighting
 + Level 6.4 Bows
 + Level 0.3 Armour
 + Level 1.4 Dodging
 + Level 0.4 Stealth


You had 2 spell levels left.
You didn't know any spells.

Dungeon Overview and Level Annotations

Branches:
Dungeon (2/15)

Altars:


Innate Abilities, Weirdness & Mutations

You have hooves in place of feet.
Armour fits poorly on your strangely shaped body.
You cover ground very quickly.
You have extremely tough skin. (AC +3)


Message History

The jackal bites you but does no damage.
The jackal barely misses you. x2
The jackal bites you but does no damage.
A dart slug comes into view.
You hit the jackal but do no damage. Your kick misses the jackal.
The jackal is almost dead.
The jackal bites you but does no damage. x2
The giant cockroach waves its antennae.
The jackal bites you but does no damage.
The jackal bites you.
* * * LOW HITPOINT WARNING * * *
The jackal bites you.
* * * LOW HITPOINT WARNING * * *
You closely miss the jackal.
The jackal is almost dead.
The jackal bites you.
* * * LOW HITPOINT WARNING * * *
The jackal bites you but does no damage.
You block the jackal's attack. The jackal bites you.
You die...

####### #####
#.....## ...#
#......#
#######h###......##
.......@hs((w†(((.(
#######h#h##.(.(.##
#.#.# .....# #<#.#
.....# ###.# .....#
#.h ....... #..
....... #.. s......


You could see a dart slug, 4 jackals and a giant cockroach.

Vanquished Creatures
  A dart slug (D:1)
  4 leopard geckos (D:1)
  4 bats
  A giant cockroach (D:1)
  3 hobgoblins
  5 jackals (D:2)
  A frilled lizard (D:1)
  4 goblins (D:1)
  A kobold (D:1)
  2 rats (D:1)
26 creatures vanquished.

Notes
Turn   | Place    | Note
-------+----------+-------------------------------------------
     0 | D:1      | Santangelo the Centaur Hunter began the quest for the Orb.
     0 | D:1      | Reached XP level 1. HP: 17/17 MP: 1/1
     6 | D:1      | Noticed a swamp drake
     6 | D:1      | Noticed a hound
     7 | D:1      | Noticed a salamander
     7 | D:1      | Noticed a black bear
   348 | D:1      | Reached XP level 2. HP: 24/24 MP: 2/2
   634 | D:1      | Reached skill level 6 in Bows
  1225 | D:2      | Reached XP level 3. HP: 29/29 MP: 3/3
  1276 | D:2      | HP: 1/29 [jackal (1)]
  1276 | D:2      | Slain by a jackal

Skill      XL: |  1  2 |
---------------+-------+-----
Bows           | 6 |  6.4
Fighting       | |  2.2
Armour         | |  0.3
Dodging        | |  1.4
Stealth        | |  0.4

Action                   || total
-------------------------++-------
Melee: Short sword       ||     5
 Fire: Shortbow          ||    71
Throw: Stone             ||    26
  Use: Scroll            ||     7
Armor: Leather armour    ||     3
       Ring mail         ||    72
Dodge: Dodged            ||    48
Block: Other             ||    15
